 Dungeon Crawl Stone Soup version 0.17-a0-1850-g688e747 (webtiles) character file.

26023 4thArraOfDagon the Severer (level 12, -1/110 HPs)
             Began as a Deep Dwarf Berserker on Sept 18, 2015.
             Was an Elder of Trog.
             Slain by Agnes
             ... wielding a +0 lajatang of electrocution
              (20 damage)
             ... on level 1 of the Elven Halls.
             The game lasted 00:31:38 (4849 turns).

4thArraOfDagon the Severer (Deep Dwarf Berserker)   Turns: 4849, Time: 00:31:39

Health: -1/110     AC: 21    Str: 25    XL:     12   Next: 94%
Magic:  16/16      EV:  8    Int:  7    God:    Trog [****..]
Gold:   453        SH:  0    Dex: 12    Spells: 0 memorised, 11 levels left

rFire  + + .     SeeInvis .     y - +0 battleaxe (chop)
rCold  + + +     Clarity  +     n - +1 plate armour {rC+}
rNeg   . . .     SustAt   .     (no shield)
rPois  .         Gourm    .     (no helmet)
rElec  .         Spirit   .     (no cloak)
rCorr  .         Warding  .     i - +0 pair of gloves
rMut   .         Stasis   .     A - +2 pair of boots {Stlth+}
MR     +....                    F - amulet of clarity
Stlth  ..........               (no ring)
                                f - ring "Vetod" {rF++ rC++ Int-2 Stlth-} (curse)

@: about to teleport, non-regenerating, somewhat resistant to hostile
enchantments, extremely unstealthy
A: damage resistance, recharge devices, sense surroundings 2, slow healing 3
a: Device Recharging, Burn Spellbooks, Berserk, Trog's Hand, Brothers in Arms,
Renounce Religion


You were on level 1 of the Elven Halls.
You worshipped Trog.
Trog was greatly pleased with you.
You were not hungry.

You visited 3 branches of the dungeon, and saw 18 of its levels.

You collected 1394 gold pieces.
You spent 941 gold pieces at shops.

Inventory:

Hand weapons
 a - a +0 hand axe
 k - the +6 dagger of Ilihujug {holy, MP+9 Int+4, unknown}
   (You found it on level 4 of the Dungeon)

   It has been blessed by the Shining One to cause great damage to the undead
   and demons.
   It affects your intelligence (+4).
   It affects your magic capacity (+9).
 l - a +2 hand axe of venom
 v - a +3 battleaxe
 y - a +0 battleaxe of chopping (weapon)
 z - a +0 battleaxe
Armour
 i - a +0 pair of gloves (worn)
 n - a +1 plate armour of cold resistance (worn)
 u - the +2 leather armour of the Monkey's Uncle {rN+ rCorr Str-2 Stlth+, unknown}
   (You found it on level 3 of the Elven Halls)

   It affects your strength (-2).
   It protects you from negative energy.
   It protects you from acid and corrosion.
   It makes you more stealthy.
 A - a +2 pair of boots of stealth (worn)
Magical staves
 w - an uncursed staff of earth {unknown}
 B - an uncursed staff of fire {unknown}
Jewellery
 f - the cursed ring "Vetod" (left hand) {rF++ rC++ Int-2 Stlth-}
   (You bought it in a shop on level 4 of the Orcish Mines)

   [ring of intelligence]

   It affects your intelligence (-2).
   It greatly protects you from fire.
   It greatly protects you from cold.
   It makes you less stealthy.
   It has a curse placed upon it.
 o - an uncursed ring of ice
 q - an uncursed amulet of warding
 F - an amulet of clarity (around neck)
Magical devices
 c - a wand of heal wounds (3)
 h - a wand of random effects (24)
 j - a wand of digging (11)
 p - a wand of flame (22)
 x - a wand of fire (4)
 D - a wand of draining (1)
Scrolls
 e - a scroll of remove curse
Potions
 b - a potion of flight
 r - a potion of curing
 t - a potion of might
 C - a potion of cure mutation {unknown}
Comestibles
 d - 2 bread rations
 m - 2 meat rations
 E - 3 chunks of flesh


   Skills:
 - Level 8.1 Fighting
 * Level 17.1 Axes
 + Level 12.4 Armour
 - Level 2.1 Dodging
 - Level 5.6 Evocations


You had 11 spell levels left.
You didn't know any spells.

Dungeon Overview and Level Annotations

Branches:
Dungeon (11/15)            Temple (0/1) D:7            Lair (0/8) D:8
    Orc (4/4) D:9             Elf (3/3) Orc:4

Altars:
Makhleb
Beogh

Shops:
Orc:1 *?   Orc:3 :   Orc:4 =([*   Elf:2 !

Annotations:
D:10 exclusion: downstairs
Elf:1 Agnes
Elf:2 exclusion: upstairs


Innate Abilities, Weirdness & Mutations

You are resistant to damage.
You can recharge devices by infusing magical energy.
You passively map the area around you.
You do not heal naturally.


Message History

You feel strangely unstable. Agnes hits you but does no damage.
Unknown command.
Unknown command.
Evoke which item? (* to show all) (? for menu, Esc to quit)
Zapping:
c - a wand of heal wounds (1)
Press: ? - help, Shift-Dir - straight line, f - you You feel much better.
This wand has 0 charges left.
Agnes barely misses you.
Unknown command.
Use which ability?
Charge which item? (? for menu, Esc to quit)
Okay, then.
Unknown command.
Read which item? (? for menu, Esc to quit)
Charge which item? (? for menu, Esc to quit)
As you read the scroll of recharging, it crumbles to dust.
Your wand of heal wounds (0) glows for a moment and now has 3 charges.
Agnes hits you with a lajatang of electrocution!!
* * * LOW HITPOINT WARNING * * *
Agnes hits you with a lajatang of electrocution!!
You die...

##......# #.# #........
#.......# ** #.#*#........
'.......# * , ... +........
#.......# #........ #.......# *,
#......#. #......## #.....##.
##....## ##+## ##...###.
..!#...## ##...## *, ###'# *#
........## ####i@(..##*,* #.#
.........###..'......##.####.###
.........'>...#......##........#
........#####.#......+...#####.#
..#....## #.##.....###.# #.#
.###..## #.###....# #.# ##'## ##
#### #.# *+#### #.# ##....
#.#**.######.###..... #..,
..........'..)..


You could see Agnes.

Vanquished Creatures
  Jorgrun (Elf:3)
  An orc warlord (Orc:4)
  Erica (D:8)
  4 orc high priests
  Nergalle (Orc:4)
  4 deep elf knights
  2 deep elf summoners (Elf:3)
  3 orc sorcerers
  3 orc knights (Orc:4)
  3 deep elf conjurers
  6 deep elf priests
  4 trolls
  3 yaks (D:9)
  9 deep elf fighters
  8 deep elf magi
  7 wargs
  36 orc warriors
  A soldier ant (Orc:1)
  9 ogres
  A scorpion (D:8)
  2 hounds
  18 orc priests
  A worker ant (D:4)
  Natasha (thrice) (D:2)
  26 orc wizards
  4 adders
  A giant gecko (D:2)
  190 orcs
  A bat (D:2)
  4 giant cockroaches
  A hobgoblin (D:3)
  A ball python (D:4)
  2 giant newts (D:2)
  2 goblins
  2 kobolds
  A quokka (D:3)
  A rat (D:2)
367 creatures vanquished.

Vanquished Creatures (collateral kills)
  An orc knight (Orc:4)
  A deep elf conjurer (Elf:3)
  A deep elf fighter (Elf:3)
3 creatures vanquished.

Grand Total: 370 creatures vanquished

Notes
Turn   | Place    | Note
--------------------------------------------------------------
     0 | D:1      | 4thArraOfDagon the Deep Dwarf Berserker began the quest for the Orb.
     0 | D:1      | Reached XP level 1. HP: 20/20 MP: 1/1
    42 | D:2      | Noticed Natasha
    47 | D:2      | Killed Natasha
    47 | D:2      | Reached skill level 4 in Axes
    47 | D:2      | Reached XP level 2. HP: 20/27 MP: 2/2
    50 | D:2      | Reached XP level 3. HP: 24/33 MP: 3/3
   108 | D:2      | Noticed Natasha
   118 | D:2      | Killed Natasha
   192 | D:2      | Noticed Natasha
   196 | D:2      | Killed Natasha
   339 | D:4      | Reached XP level 4. HP: 42/42 MP: 4/4
   386 | D:4      | Got a polished dagger
   406 | D:4      | Acquired Trog's second power
   406 | D:4      | Reached skill level 5 in Axes
   408 | D:4      | Reached XP level 5. HP: 9/49 MP: 5/5
   464 | D:5      | Entered Level 5 of the Dungeon
   584 | D:7      | Noticed a warg
   593 | D:7      | Noticed a warg
   593 | D:7      | Found a staircase to the Ecumenical Temple.
   599 | D:7      | Reached XP level 6. HP: 26/57 MP: 6/6
   604 | D:7      | Killed a warg
   604 | D:7      | Reached skill level 6 in Axes
   606 | D:7      | Killed a warg
   648 | D:8      | Reached XP level 7. HP: 39/64 MP: 7/7
   678 | D:8      | Noticed Erica
   693 | D:8      | HP: 4/96 [something (1)]
   694 | D:8      | Killed Erica
   694 | D:8      | Reached skill level 5 in Fighting
   694 | D:8      | Reached skill level 8 in Axes
   694 | D:8      | Reached skill level 5 in Armour
   694 | D:8      | Reached XP level 8. HP: 4/74 MP: 8/8
   738 | D:8      | Found a staircase to the Lair.
   795 | D:8      | Noticed a deep elf fighter
   817 | D:9      | Reached skill level 9 in Axes
   908 | D:9      | Gained mutation: You passively map the area around you. [Deep Dwarf growth]
   908 | D:9      | Reached XP level 9. HP: 37/82 MP: 9/9
   936 | D:9      | Found a staircase to the Orcish Mines.
  1013 | Orc:1    | Entered Level 1 of the Orcish Mines
  1030 | Orc:1    | Reached skill level 10 in Axes
  1043 | Orc:1    | Noticed an orc sorcerer
  1080 | D:10     | Entered Level 10 of the Dungeon
  1114 | Orc:1    | Killed an orc sorcerer
  1141 | Orc:1    | Found Oduboufi's Magic Scroll Boutique.
  1149 | Orc:1    | Bought a scroll of recharging for 133 gold pieces
  1149 | Orc:1    | Bought a scroll of teleportation for 42 gold pieces
  1149 | Orc:1    | Bought a scroll of identify for 28 gold pieces
  1149 | Orc:1    | Bought a scroll of identify for 28 gold pieces
  1217 | Orc:1    | Found Basit's Assorted Antiques.
  1223 | Orc:1    | Bought a scroll labeled NELID RAUGRIPIW for 28 gold pieces
  1394 | Orc:1    | Reached skill level 11 in Axes
  1618 | Orc:2    | Reached skill level 1 in Evocations
  1618 | Orc:2    | Reached XP level 10. HP: 94/94 MP: 10/10
  1621 | Orc:2    | Acquired Trog's third power
  1732 | Orc:1    | Bought a pair of glowing boots for 126 gold pieces
  1905 | Orc:2    | Reached skill level 12 in Axes
  1977 | Orc:3    | Found Efidwu Ures's Book Emporium.
  2213 | Orc:3    | Found a burning altar of Makhleb.
  2324 | Orc:4    | Entered Level 4 of the Orcish Mines
  2351 | Orc:4    | Received a gift from Trog
  2354 | Orc:4    | ofc
  2379 | Orc:4    | Noticed an orc high priest
  2381 | Orc:4    | Noticed an orc sorcerer
  2385 | Orc:4    | Paralysed by an orc sorcerer for 7 turns
  2390 | Orc:4    | Noticed an ice devil
  2541 | Orc:4    | Noticed Nergalle
  2700 | Orc:4    | Found a roughly hewn altar of Beogh.
  2714 | Orc:4    | in shops we trust
  2722 | Orc:4    | Noticed an orc sorcerer
  2746 | Orc:4    | Killed an orc sorcerer
  2746 | Orc:4    | Reached skill level 5 in Evocations
  2812 | Orc:4    | Killed Nergalle
  2812 | Orc:4    | Reached XP level 11. HP: 53/103 MP: 14/14
  2820 | Orc:4    | seriously
  2820 | Orc:4    | black drain
  2867 | Orc:4    | Noticed an orc high priest
  2887 | Orc:4    | Killed an orc high priest
  2887 | Orc:4    | Reached skill level 13 in Axes
  2927 | Orc:4    | Noticed an orc knight
  2942 | Orc:4    | Killed an orc knight
  2975 | Orc:4    | Noticed an orc knight
  2991 | Orc:4    | Killed an orc knight
  3081 | Orc:4    | Noticed an orc knight
  3097 | Orc:4    | Killed an orc knight
  3136 | Orc:4    | Found a roughly hewn altar of Beogh.
  3140 | Orc:4    | Found Exehihobb's General Store.
  3140 | Orc:4    | Noticed an orc warlord
  3169 | Orc:4    | Killed an orc warlord
  3169 | Orc:4    | Reached skill level 14 in Axes
  3169 | Orc:4    | Reached skill level 10 in Armour
  3219 | Orc:4    | Found Xomioso's Antique Armour Boutique.
  3250 | Orc:4    | Found Miwod's Antique Weapon Boutique.
  3263 | Orc:4    | Noticed an orc knight
  3264 | Orc:4    | Noticed an ice devil
  3265 | Orc:4    | Found Tovoeh's Jewellery Boutique.
  3270 | Orc:4    | Killed an orc sorcerer
  3272 | Orc:4    | Killed an orc high priest
  3294 | Orc:4    | Bought the cursed ring "Vetod" {rF++ rC++ Int-2 Stlth-} for 556 gold pieces
  3365 | Orc:4    | Killed an orc knight
  3422 | Orc:4    | Noticed an orc high priest
  3438 | Orc:4    | Killed an orc high priest
  3518 | Orc:4    | Reached skill level 15 in Axes
  3535 | Orc:4    | Found a staircase to the Elven Halls.
  3683 | Elf:1    | Entered Level 1 of the Elven Halls
  3700 | Elf:1    | Noticed a deep elf knight
  3723 | Elf:1    | Killed a deep elf knight
  3723 | Elf:1    | Reached XP level 12. HP: 110/110 MP: 16/16
  4079 | Elf:1    | Noticed a deep elf summoner
  4080 | Elf:1    | Noticed a deep elf summoner
  4081 | Elf:1    | Noticed a deep elf summoner
  4106 | Elf:2    | Found Anenoiru's Distillery.
  4150 | Elf:3    | Entered Level 3 of the Elven Halls
  4274 | Elf:2    | Reached skill level 16 in Axes
  4519 | Elf:3    | Got a fine leather armour
  4628 | Elf:3    | Noticed Jorgrun
  4645 | Elf:3    | Killed Jorgrun
  4746 | Elf:3    | Reached skill level 17 in Axes
  4842 | Elf:1    | Noticed Agnes
  4849 | Elf:1    | Slain by Agnes

Vault maps used:
D:1:      shiori_arrival_maze, minmay_misc_feat_tiny, serial_bayou_pond_c
D:2:      uniq_natasha
D:3:      minmay_overflow_temple_hex, uniq_sigmund
D:5:      demons_altar, enter_ossuary_3, portal_sewer_entry_f, first_bread,
          uniq_grinder
D:6:      fedhas_bush_and_centaur_altar, uniq_menkaure, uniq_duvessa
D:7:      lemuel_castle_with_subvaults, minmay_temple_entry_large_hall,
          grunt_decor_one_mirror
D:8:      lair_0_dummy, grunt_pizzeria, uniq_erica
D:9:      minmay_diamond_stairs, hiddenorc2_lemuel
D:10:     uniq_urug, uniq_erolcha
D:11:     serial_shops, shop_statue
Orc:1:    serial_shops, shop_fountains, shop, nooodl_orcs_dogs
Orc:3:    serial_shops, shop, nicolae_orc_pool_cavern, bloody_makhleb
Orc:4:    grunt_orc_cross, lemuel_statue_altar
Elf:1:    minmay_elf_demonology, minivault_26, uniq_agnes
Elf:2:    serial_shops, nicolae_shop_waterfront
Elf:3:    minmay_elf_hall_golems, nemelex_altar_shiori, uniq_jorgrun

Action                   |  1- 3 |  4- 6 |  7- 9 | 10-12 || total
-------------------------+-------+-------+-------+-------++-------
Melee: Hand axe          |    75 |    50 |   193 |   240 ||   558
       Battleaxe         |       |       |       |   335 ||   335
Invok: Berserk           |     4 |     3 |     9 |    23 ||    39
       Trog's Hand       |       |     5 |    13 |    33 ||    51
       Brothers in Arms  |       |       |       |     5 ||     5
Evoke: Wand              |     1 |     1 |     3 |     6 ||    11
  Use: Potion            |     3 |       |       |     1 ||     4
       Scroll            |       |       |     5 |    10 ||    15
  Eat: Chunk             |     1 |     6 |    14 |    36 ||    57
       Royal jelly       |       |       |       |     1 ||     1
       Meat ration       |       |       |       |     1 ||     1
